 Dungeon Crawl Stone Soup version 0.25-a0-189-gf71692caf1 (webtiles) character file.

Game seed: 2516548405507457951, levelgen mode: deterministic

77 kae the Changer (level 4, -1/32 HPs)
             Began as a Demonspawn Transmuter on Nov 29, 2019.
             Slain by Natasha (7 damage)
             ... on level 2 of the Dungeon.
             The game lasted 00:01:23 (1812 turns).

kae the Changer (Demonspawn Transmuter)             Turns: 1812, Time: 00:01:24

Health: -1/32      AC:  3    Str: 10    XL:     4   Next: 13%
Magic:  7/7        EV: 14    Int: 14    God:
Gold:   120        SH:  0    Dex: 15    Spells: 6/7 levels left

rFire    . . .     SeeInvis .     - Unarmed
rCold    . . .     Gourm    .   (no shield)
rNeg     . . .     Faith    .   b - +0 robe
rPois    .         Spirit   .   (no helmet)
rElec    .         Reflect  .   (no cloak)
rCorr    .         Harm     .   h - +0 pair of gloves
MR       .....                  (no boots)
Stlth    +.........             (no amulet)
HPRegen  0.10/turn              (no ring)
MPRegen  0.10/turn              (no ring)

@: no status effects
A: repulsion field 1, demonic guardian 1
a: no special abilities


You were on level 2 of the Dungeon.
You were not hungry.

You visited 1 branch of the dungeon, and saw 2 of its levels.

You collected 120 gold pieces.

Inventory:

Missiles
 a - 36 arrows
Armour
 b - a +0 robe (worn)
 h - a +0 pair of gloves (worn)
Jewellery
 l - an uncursed ring of ice {unknown}
Potions
 c - a potion of brilliance
 e - a potion of degeneration {unknown}
 g - a potion of experience {unknown}
 j - a potion of magic {unknown}
 k - a potion of mutation {unknown}
Comestibles
 d - 6 rations


   Skills:
 - Level 1.0 Fighting
 - Level 1.7 Dodging
 + Level 3.4 Unarmed Combat
 - Level 2.0 Spellcasting
 * Level 3.4 Transmutations


You had 6 spell levels left.
You knew the following spells:

 Your Spells              Type           Power        Failure   Level  Hunger
a - Beastly Appendage     Tmut           ##....       6%          1    ##.....

Your spell library contained the following spells:

 Spells                   Type           Power        Failure   Level  Hunger
 Sticks to Snakes         Tmut           ##......     9%          2    ###....
 Spider Form              Tmut/Pois      #.........   34%         3    ####...
 Ice Form                 Ice/Tmut       #.......     75%         4    #####..
 Blade Hands              Tmut           ##........   85%         5    ######.


Dungeon Overview and Level Annotations

Branches:
Dungeon (2/15)

Altars:

Annotations:
D:2 Natasha


Innate Abilities, Weirdness & Mutations

You are surrounded by a mild repulsion field. (EV +2)
A weak demonic guardian rushes to your aid.


Message History

You are too injured to fight recklessly!
You are too injured to fight recklessly!
You are too injured to fight recklessly!
You closely miss Natasha.
Natasha stares at you and mumbles some strange words.
You resist with some effort.
You barely miss Natasha.
Natasha stares at you and mumbles some strange words.
The magic dart hits you.
You barely miss Natasha. Natasha casts a spell at you. The magic dart hits you!
* * * LOW HITPOINT WARNING * * *
You closely miss Natasha.
Natasha mewls in sadness.
Natasha casts a spell.
You hit Natasha but do no damage.
Your white imp completely misses Natasha.
Natasha claws you!
You die...

........#.# ........#..
........#.# # ........#.# #
........#.# # ........#.# #
.......%#5############+####
........'.5..(..)........##
........#.@h(#########.#..#
...........................
###........................
+...............####†##.#
#...............# #.##..
#...............# #.##..
#######....###### #.##..
#....# #.##.. .#### #.#...


You could see Natasha, a crimson imp and a friendly white imp.

Vanquished Creatures
  Natasha (D:2)
  An adder (D:2)
  3 dart slugs
  A leopard gecko (D:1)
  A ball python (D:2)
  3 giant cockroaches (D:2)
  4 goblins
  3 hobgoblins
  2 jackals (D:1)
  4 kobolds
  A quokka (D:2)
  4 bats
  2 frilled lizards
  7 rats
37 creatures vanquished.

Notes
Turn   | Place    | Note
-------+----------+-------------------------------------------
     0 | D:1      | kae the Demonspawn Transmuter began the quest for the Orb.
     0 | D:1      | Reached XP level 1. HP: 15/15 MP: 3/3
   367 | D:1      | Gained mutation: You are surrounded by a mild repulsion
                  | field. (EV +2) [demonic ancestry]
   367 | D:1      | Reached XP level 2. HP: 18/21 MP: 3/5
  1000 | D:2      | Reached XP level 3. HP: 21/26 MP: 6/6
  1791 | D:2      | Noticed Natasha
  1797 | D:2      | Killed Natasha
  1797 | D:2      | Gained mutation: A weak demonic guardian rushes to your
                  | aid. [demonic ancestry]
  1797 | D:2      | Reached XP level 4. HP: 32/32 MP: 5/7
  1803 | D:2      | Noticed Natasha
  1812 | D:2      | Slain by Natasha

Levels and vault maps discovered:
D:1:      lightli_molten_gateway, layout_basic, corner_web_ring,
          wander_ebering_terrifying_dragon_lair
D:2:      layout_basic, first_ration, hangedman_abyss_or_decor_lesser_grid,
          uniq_natasha

Skill      XL: |  1  2  3 |
---------------+----------+-----
Transmutations | 2 3 |  3.4
Unarmed Combat | 3 |  3.4
Fighting       | |  1.0
Dodging        | |  1.7
Spellcasting   | |  2.0

Action                   |  1- 3 |  4- 6 || total
-------------------------+-------+-------++-------
Melee: Unarmed           |   142 |    10 ||   152
       Headbutt          |     8 |     1 ||     9
       Kick              |     4 |       ||     4
       Punch             |     1 |       ||     1
 Cast: Beastly Appendage |     9 |       ||     9
  Use: Scroll            |     2 |       ||     2
 Stab: Sleeping          |     2 |       ||     2
  Eat: Chunk             |     3 |       ||     3
Armor: Robe              |    23 |     1 ||    24
Dodge: Dodged            |    92 |     2 ||    94

Table legend:
 A = Non-vault XP
 B = Vault XP
 C = Vault XP percentage of total XP
 D = Non-vault monster count
 E = Vault monster count
 F = Vault count percentage of total count
                 A         B        C        D         E       F
            +---------+---------+-------+---------+---------+-------
      Total |      72 |      38 |  34.5 |      35 |       2 |   5.4
            +---------+---------+-------+---------+---------+-------
        D:1 |      34 |       3 |   8.1 |      20 |       1 |   4.8
        D:2 |      38 |      35 |  47.9 |      15 |       1 |   6.2
            +---------+---------+-------+---------+---------+-------
